 Dungeon Crawl Stone Soup version 0.30.0-29-ga12c61a403 (webtiles) character file.

Game seed: 6312517549029810106

73 AIAndy the Trooper (level 4, 0/39 HPs)
             Began as a Demonspawn Fighter on June 23, 2023.
             Was a Follower of Okawaru.
             Succumbed to a goblin's poison
             ... on level 2 of the Dungeon.
             The game lasted 00:06:51 (1463 turns).

AIAndy the Trooper (Demonspawn Fighter)             Turns: 1463, Time: 00:06:51

Health: 0/39       AC:  6    Str: 19    XL:     4   Next: 8%
Magic:  4/4        EV:  9    Int:  9    God:    Okawaru [*.....]
Gold:   24         SH:  4    Dex: 12    Spells: 3/3 levels left

rFire   . . .        a - +0 rapier
rCold   . . .        c - +0 buckler
rNeg    . . .        b - +0 scale mail
rPois   .            (no helmet)
rElec   .            (no cloak)
rCorr   .            (no gloves)
SInv    .            (no boots)
Will    .....        (no amulet) Stlth
                     (no ring)
HPRegen 0.26/turn    (no ring)
MPRegen 0.09/turn

%: no passive effects
@: brilliant, lethally poisoned (0 -> -19), flying
A: ignite blood 1, powered by death 1
a: Renounce Religion, Heroism


You were on level 2 of the Dungeon.
You worshipped Okawaru.
Okawaru was aware of your devotion.
You visited 1 branch of the dungeon, and saw 4 of its levels.

You collected 114 gold pieces.
You spent 90 gold pieces at shops.

Inventory:

Hand Weapons
 a - a +0 rapier (weapon)
Missiles
 i - 2 curare-tipped darts (quivered)
 j - 4 poisoned darts
Armour
 b - a +0 scale mail (worn)
 c - a +0 buckler (worn)
Magical Staves
 l - a staff of death
Wands
 n - a wand of digging (3)
Scrolls
 e - 3 scrolls of fear
 h - 2 scrolls of immolation {unknown}
 k - 2 scrolls of teleportation
Potions
 d - 2 potions of might
 f - a potion of lignification
 g - a potion of magic
 p - a potion of heal wounds {unknown}


   Skills:
 + Level 5.0 Fighting
 - Level 1.7 Short Blades
 - Level 2.6 Armour
 - Level 2.6 Shields


You had 3 spell levels left.
You didn't know any spells.
Your spell library was empty.

Dungeon Overview and Level Annotations

Branches:
Dungeon (4/15)
 Temple: D:4-7

Altars:
Okawaru

Shops:
D:1 ?


Innate Abilities, Weirdness & Mutations

Your demonic aura sometimes causes spilled blood to erupt in flames.
You regenerate a little health from kills.


Message History

You kill the kobold!
Okawaru accepts your kill.
No target in view!
p - a grey potion You see here a +0 club.
Things that are here:
a +0 sling; a +0 dagger; a goblin corpse
Found a dagger.
A goblin comes into view. It is wielding a +2 spear of venom.
The goblin shouts!
The goblin drinks a potion.
The goblin seems to grow stronger.
The goblin hits you with a +2 spear of venom.
You are poisoned.
You hit the goblin but do no damage.
You feel sick.
The goblin hits you with a +2 spear of venom.
You are more poisoned.
You barely miss the goblin.
You feel very sick.
The goblin hits you with a +2 spear of venom.
You hit the goblin but do no damage.
You feel very sick.
The goblin hits you with a +2 spear of venom.
You are lethally poisoned!
You closely miss the goblin.
You feel very sick. The goblin barely misses you.
It was a potion of magic.
Magic courses through your body.
* * * LOW HITPOINT WARNING * * *
You feel very sick. The goblin hits you but does no damage.
You are more poisoned.
It was a potion of brilliance.
You feel clever all of a sudden.
* * * LOW HITPOINT WARNING * * *
You feel very sick. The goblin completely misses you.
It was a potion of flight.
You feel very buoyant.
You fly up into the air.
You die...

##.#.##.###
#.........####
#...##.......#
#...##.......#
..............#
####.###.......#
##.###.......#
.............#
#.##.g@..?..#
#.######## #. #.


You could see a goblin (strong).

Vanquished Creatures
  2 gnolls (D:2)
  An adder (D:2)
  A dart slug (D:2)
  3 endoplasms (D:1)
  2 giant cockroaches
  6 goblins
  4 hobgoblins (D:1)
  7 kobolds
  A quokka (D:1)
  7 ball pythons (D:1)
  3 bats
  2 frilled lizards
  4 rats
43 creatures vanquished.

Notes
Turn   | Place    | Note
-------+----------+-------------------------------------------
     0 | D:1      | AIAndy the Demonspawn Fighter began the quest for the Orb.
     0 | D:1      | Reached XP level 1. HP: 18/18 MP: 1/1
   160 | D:1      | Gained mutation: You regenerate a little health from kills.
                  | [demonic ancestry]
   160 | D:1      | Reached XP level 2. HP: 19/24 MP: 2/2
   391 | D:1      | Reached skill level 4 in Fighting
   424 | D:1      | Found Camoxo's Magic Scroll Boutique.
   435 | D:1      | Bought a scroll of teleportation for 30 gold pieces
   527 | D:1      | Found a faded altar of an unknown god.
   547 | D:1      | Prayed at the altar of an unknown god.
   547 | D:1      | Became a worshipper of Warmaster Okawaru
   547 | D:1      | Reached * piety under Okawaru
   676 | D:1      | Gained mutation: Your demonic aura sometimes causes spilled
                  | blood to erupt in flames. [demonic ancestry]
   676 | D:1      | Reached XP level 3. HP: 30/30 MP: 3/3
   975 | D:2      | You fall into a shaft and drop 2 floors!
  1090 | D:1      | Bought a scroll of identify for 20 gold pieces
  1091 | D:1      | Bought a scroll of fear for 40 gold pieces
  1237 | D:2      | Reached XP level 4. HP: 32/38 MP: 4/4
  1273 | D:2      | Reached skill level 5 in Fighting
  1463 | D:2      | Succumbed to a goblin's poison

Illustrated notes

Levels and vault maps discovered:
D:1:      psy_arrival_radial02, layout_basic, serial_shops,
          nicolae_shop_peninsula, nicolae_ecumenical_snake_handling
D:2:      layout_loops_cross, corexii_corridor_pit, minmay_pentomino_r2,
          uniq_sigmund
D:3:      layout_loops_corners, nrook_uturn
D:4:      layout_loops_cross, nicolae_overflow_hidden_temple,
          dancing_weapons_uskayaw, nicolae_vehumet_altar_sigil

Skill      XL: |  1  2  3  4 |
---------------+-------------+-----
Fighting       | 4 5 |  5.0
Short Blades   | |  1.7
Armour         | |  2.6
Shields        | |  2.6

Action                     |  1- 3 |  4- 6 || total
---------------------------+-------+-------++-------
  Melee: Rapier            |   141 |    19 ||   160
 Invoke: Heroism           |     2 |       ||     2
    Use: Scroll            |     1 |       ||     1
         Potion            |       |     3 ||     3
 Armour: Scale mail        |    65 |    10 ||    75
  Dodge: Dodged            |    66 |     6 ||    72
  Block: Buckler           |    30 |     4 ||    34
